 Dungeon Crawl Stone Soup version 0.31.0-11-ge490571c62 (webtiles) character file.

Game seed: 10245033803573059256

4301 ymhsbmbesitwf the Cleaver (level 10, -19/96 HPs)
             Began as a Gargoyle Berserker on Jan 26, 2024.
             Was a High Priest of Trog.
             Engulfed by a steam dragon's steam (23 damage)
             ... on level 7 of the Dungeon.
             The game lasted 00:12:27 (6169 turns).

ymhsbmbesitwf the Cleaver (Gargoyle Berserker)      Turns: 6169, Time: 00:12:27

Health: -19/96     AC: 25    Str: 31    XL:     10   Next: 32%
Magic:  10/10      EV:  2    Int:  8    God:    Trog [*****.]
Gold:   740        SH:  0    Dex:  9    Spells: 9/9 levels left

rFire   . . .        a - +0 war axe
rCold   . . .        (no shield)
rNeg    + + .        C - melded +1 scale mail {rPois}
rPois   ∞            y - melded +0 helmet
rElec   .            B - melded +0 cloak
rCorr   .            (gloves currently unavailable)
SInv    .            t - melded +0 pair of boots
Will    .....        (no amulet)
Stlth   +            q - +6 ring of strength
HPRegen 0.36/turn    D - ring of positive energy
MPRegen 0.12/turn

%: no passive effects
@: tree-form, on berserk cooldown, slowed, very slow
A: stationary, stasis, torment immunity, boosted hp, sickness immunity, AC +7,
negative energy resistance 1, (electricity resistance), torment resistance 1,
petrification resistance
a: Renounce Religion, Berserk, Trog's Hand, Brothers in Arms


You were on level 7 of the Dungeon.
You worshipped Trog.
Trog was extremely pleased with you.
You were a tree.
You visited 2 branches of the dungeon, and saw 8 of its levels.

You collected 740 gold pieces.

Inventory:

Hand Weapons
 a - a +0 war axe (weapon)
 b - a +2 flail of protection
 n - a +0 trident
 G - a +1 halberd
Missiles
 E - 3 boomerangs (quivered)
Armour
 t - a +0 pair of boots (melded)
 y - a +0 helmet (melded)
 B - a +0 cloak (melded)
 C - a +1 scale mail of poison resistance (melded)
Jewellery
 q - a +6 ring of strength (left branch)
 D - a ring of positive energy (right branch)
Wands
 k - a wand of mindburst (11)
 o - a wand of flame (24)
 A - a wand of digging (8)
Scrolls
 c - a scroll of fog {unknown}
 d - a scroll of immolation {unknown}
 l - a scroll of torment {unknown}
 r - 4 scrolls of poison
 s - a scroll of fear {unknown}
 u - a scroll of amnesia {unknown}
 v - a scroll of enchant weapon {unknown}
 w - a scroll of enchant armour {unknown}
 z - 3 scrolls of teleportation {unknown}
 F - a scroll of brand weapon {unknown}
Potions
 e - a potion of berserk rage {unknown}
 f - a potion of lignification
 g - 3 potions of mutation
 h - a potion of attraction {unknown}
 i - a potion of enlightenment {unknown}
 j - 2 potions of haste
 m - 4 potions of resistance
 p - 2 potions of invisibility {unknown}
 x - 3 potions of might


   Skills:
 + Level 7.7 Fighting
 * Level 8.8 Axes
 + Level 7.3 Armour
 - Level 4.0 Dodging
 + Level 6.0 Shields


You had 9 spell levels left.
You didn't know any spells.
Your spell library was empty.

Dungeon Overview and Level Annotations

Branches:
Dungeon (7/15)             Temple (1/1) D:7

Altars:
Ashenzari
Dithmenos
Fedhas
Gozag
Hepliaklqana
Kikubaaqudgha
Makhleb
Nemelex Xobeh
Qazlal
Ru
Sif Muna
Trog
Uskayaw
Vehumet
Wu Jian
Xom
Yredelemnul
Zin
The Shining One

Shops:
D:3 =   D:4 [

Annotations:
D:7 1 transporter, exclusion: ice statue


Innate Abilities, Weirdness & Mutations

You are a tree.
Your roots penetrate the ground, keeping you stationary.
You cannot be teleported.
You are immune to unholy pain and torment.
Your maximum health is greatly increased.
Your equipment is partially melded.
You are immune to sickness and miasma.
((Your stone body is resilient. (AC +7)))
You are immune to poison.
You resist negative energy. (rN+)
((You are resistant to electric shocks. (rElec)))
You are resistant to unholy torment.
You are immune to petrification.


Message History

* * * LOW HITPOINT WARNING * * *
You slash something! Trog accepts your kill.
Reactivating autopickup.
You feel a bit more experienced.
Your Shields skill increases to level 6!
You hit the white imp.
The white imp is moderately wounded.
You are no longer berserk.
You are exhausted.
You feel yourself slow down.
The white imp hits you but does no damage.
Aiming: Mindburst
Press: ? - help, Shift-Dir - straight line, f - white imp
Aim: a white imp (moderately wounded, chance to affect: 72%)
The white imp's mind is blasted!
You blow up the white imp!
Trog accepts your kill.
Trog will now gift you melee weapons as you gain piety.
The centaur shoots an arrow.
The arrow hits you!!
* * * LOW HITPOINT WARNING * * *
The ice statue glitters chillingly in the dim dungeon light.
You slash the steam dragon!
The steam dragon is moderately wounded.
The steam dragon breathes steam at you.
The ball of steam hits you but does no damage.
The steam dragon bites you but does no damage.
The steam dragon closely misses you.
It was a potion of lignification.
You turn into a tree.
Your +0 cloak melds into your body.
Your +0 helmet melds into your body.
Your +0 pair of boots melds into your body.
Your +1 scale mail of poison resistance melds into your body.
Your roots penetrate the ground.
You are engulfed in a cloud of scalding steam.
The steam dragon bites you but does no damage.
The steam dragon claws you but does no damage.
You slash the steam dragon!
The steam dragon is severely wounded.
You are engulfed in a cloud of scalding steam.
You die...

#.##..##...##..#.# ###..##
#.#..##D###.##...# #..#
#...##~.~.~..##..## #..#
#..##8...~.~.8##..## #..#
..##~~#.###.#~°##..###..#
.##....##W##..$.##......###
.#$#..## ..##..#.#........#
.#©#.~#!....#~.#©#..#.....#######
.#.#~).#...##..#♣#..#..).....^..#
.##....##.##..cD##..#.))..#####.#
..##..#.##..#~~##.........####...
#..##8......~8##.....##..........
#...##..s...~##..###.#########...
#.#..##.###.##..## #.# ##.#
#.#...##...##..## #.# ####.#
....#..#####..## #.# #.....
..####...©...## #.# #.##.#


You could see an ice statue, a steam dragon (catching breath) and a centaur.

Vanquished Creatures
  The ghost of mopl the Carver, a novice MfFi of Okawaru (D:7)
  A shadow (D:7)
  A yak (D:6)
  Edmund (D:4)
  2 water moccasins
  3 black bears
  An ice beast (D:7)
  An orc warrior (D:4)
  2 sky beasts (D:7)
  4 ogres
  2 centaurs
  2 phantoms
  2 bullfrogs
  2 scorpions
  10 wights (D:7)
  A howler monkey (D:7)
  5 bombardier beetles
  An orc priest (D:6)
  2 jellies (D:4)
  2 gnoll boudas (D:6)
  3 hounds
  Ijyb (D:3)
  A sleepcap (D:6)
  5 iguanas
  4 orc wizards
  Robin (D:4)
  9 gnolls
  10 adders
  3 white imps
  A dart slug (D:2)
  2 ribbon worms
  17 orcs
  8 ball pythons
  3 endoplasms
  2 giant cockroaches
  12 goblins
  7 hobgoblins
  A jackal (D:4)
  3 quokkas
  5 bats
  5 frilled lizards
  7 kobolds
  8 rats
164 creatures vanquished.

Notes
Turn   | Place    | Note
-------+----------+-------------------------------------------
     0 | D:1      | ymhsbmbesitwf the Gargoyle Berserker began the quest for
                  | the Orb.
     0 | D:1      | Reached XP level 1. HP: 14/14 MP: 1/1
   308 | D:1      | Reached XP level 2. HP: 19/19 MP: 2/2
   346 | D:1      | Reached skill level 3 in Axes
  1069 | D:2      | Noticed a scorpion
  1080 | D:2      | Killed a scorpion
  1081 | D:2      | Reached XP level 3. HP: 24/24 MP: 3/3
  1081 | D:2      | Reached XP level 4. HP: 29/29 MP: 4/4
  1229 | D:2      | Reached XP level 5. HP: 33/33 MP: 5/5
  1464 | D:3      | Reached ** piety under Trog
  1554 | D:3      | Noticed Ijyb
  1571 | D:3      | Killed Ijyb
  1572 | D:3      | Reached skill level 4 in Axes
  1700 | D:3      | Found a faded altar of an unknown god.
  1778 | D:3      | Found a sacrificial altar of Ru.
  1782 | D:3      | Found a shimmering altar of Xom.
  1999 | D:3      | Reached XP level 6. HP: 38/38 MP: 6/6
  2040 | D:3      | Found a hide-covered altar of Uskayaw.
  2085 | D:3      | Found Fotrarch's Jewellery Emporium.
  2481 | D:4      | Noticed a black bear
  2491 | D:4      | Killed a black bear
  2573 | D:4      | Found Ewnootob's Armour Boutique.
  2587 | D:4      | Noticed Edmund
  2597 | D:4      | Noticed Robin
  2604 | D:4      | Killed Edmund
  2605 | D:4      | Reached XP level 7. HP: 44/44 MP: 7/7
  2612 | D:4      | Reached skill level 1 in Shields
  2619 | D:4      | Killed Robin
  2738 | D:4      | Reached *** piety under Trog
  2793 | D:4      | Reached skill level 5 in Axes
  2862 | D:4      | Reached skill level 5 in Fighting
  2909 | D:4      | Reached XP level 8. HP: 29/49 MP: 8/8
  3459 | D:5      | Entered Level 5 of the Dungeon
  3573 | D:5      | Reached skill level 6 in Axes
  3573 | D:5      | Reached skill level 5 in Armour
  3873 | D:6      | Found a hazy altar of Hepliaklqana.
  3874 | D:6      | Found a glowing golden altar of the Shining One.
  4161 | D:6      | Reached XP level 9. HP: 32/55 MP: 9/9
  4400 | D:6      | Reached skill level 7 in Axes
  4763 | D:6      | Reached **** piety under Trog
  5114 | D:7      | Noticed an ice statue
  5124 | D:7      | Found a transporter.
  5343 | D:7      | Reached skill level 5 in Shields
  5387 | D:7      | Reached skill level 8 in Axes
  5658 | D:7      | Found a staircase to the Ecumenical Temple.
  5663 | Temple   | Entered the Ecumenical Temple
  5718 | D:7      | Noticed mopl's ghost (novice MfFi)
  5818 | D:7      | Found a transporter.
  5832 | D:7      | Reached XP level 10. HP: 39/63 MP: 10/10
  6160 | D:7      | Killed mopl's ghost
  6166 | D:7      | Reached ***** piety under Trog
  6166 | D:7      | HP: 2/64 [centaur/arrow (18)]
  6169 | D:7      | Engulfed by a steam dragon's steam

Illustrated notes

Levels and vault maps discovered:
D:1:      reono_arrival_mine, layout_basic
D:2:      layout_basic
D:3:      minmay_evil_eye, layout_basic,
          nicolae_uskayaw_murder_on_the_dancefloor, jmf_multi_god_temple,
          basic_ecumenical_altar, serial_shops, shop,
          nicolae_concentric_dashed_squares_mild, kennysheep_another_room,
          minmay_misc_feat_tiny, st_stairs_4, kennysheep_generic_room_15,
          uniq_ijyb
D:4:      minmay_polygon_palace, layout_cave_pools, serial_shops,
          nicolae_shop_tiny_waterfront, uniq_robin, uniq_edmund
D:5:      layout_rooms, solitary_fountain, st_stairs_6
D:6:      layout_basic, gammafunk_temple_overflow_statue,
          kennysheep_minor_cross, chequers_mini_garden, minmay_diced_spiral
D:7:      layout_loops_ring, minmay_temple_entry_statues_pillars,
          nzn_ghost_randoct
Temple:   eino_temple_water

Skill      XL: |  1  2  3  4  5  6  7  8  9 10 |
---------------+-------------------------------+-----
Axes           | 3 4 5 6 8 |  8.8
Dodging        | 2 3 4 |  4.0
Fighting       | 4 5 6 7 |  7.7
Armour         | 3 4 5 6 7 |  7.3
Shields        | 2 3 5 6 |  6.0

Action                     |  1- 3 |  4- 6 |  7- 9 | 10-12 || total
---------------------------+-------+-------+-------+-------++-------
  Melee: Hand axe          |    52 |       |       |       ||    52
         War axe           |     8 |    99 |   301 |    34 ||   442
         Flail             |       |       |    55 |       ||    55
         Punch             |       |       |     3 |       ||     3
 Invoke: Berserk           |     1 |     2 |     2 |     1 ||     6
  Evoke: Wand              |       |       |       |     1 ||     1
    Use: Scroll            |       |       |     8 |       ||     8
         Potion            |       |       |       |     1 ||     1
 Armour: Scale mail        |    31 |    91 |   325 |    39 ||   486
         Skin              |       |       |       |     4 ||     4
  Dodge: Dodged            |    30 |    60 |   264 |    14 ||   368
